[Event "ICC 60 30 u"]
[Site "Internet Chess Club"]
[Date "2014.08.18"]
[Round "1"]
[White "Yermo"]
[Black "Hissystem87"]
[Result "1-0"]
[ICCResult "Black resigns"]
[WhiteElo "2619"]
[BlackElo "1942"]
[Opening "King's Indian: orthodox, Aronin-Taimanov, 9.Ne1"]
[ECO "E98"]
[NIC "KI.03"]
[Time "17:02:32"]
[TimeControl "3600+30"]

1. c4 Nf6 2. Nc3 g6 3. e4 d6 4. d4 Bg7 5. Nf3 O-O 6. Be2 e5 7. O-O Nc6 8. d5
Ne7 9. Ne1 Nd7 10. Be3 f5 11. f3 f4 12. Bf2 g5 13. Rc1 Rf6 14. Nd3 b6 15. b4
Rh6 16. Be1 Nf6 17. Nf2 Qe8 18. c5 a6 19. cxd6 cxd6 20. b5 {Black resigns}
1-0

[Event "ICC 60 30 u"]
[Site "Internet Chess Club"]
[Date "2014.08.18"]
[Round "1"]
[White "Yermo"]
[Black "lustigbridge"]
[Result "1-0"]
[ICCResult "Black resigns"]
[WhiteElo "2619"]
[BlackElo "1383"]
[Opening "King's Indian: Makagonov system (5.h3)"]
[ECO "E71"]
[NIC "KI.30"]
[Time "17:03:28"]
[TimeControl "3600+30"]

1. d4 Nf6 2. c4 d6 3. Nc3 g6 4. e4 Bg7 5. h3 O-O 6. Bg5 h6 7. Be3 Nbd7 8.
Qd2 Kh7 9. g4 c6 10. Bd3 e5 11. d5 Qc7 12. Nf3 a6 13. g5 Ng8 14. gxh6 Nxh6
15. Ng5+ Kh8 16. Ne6 fxe6 17. Bxh6 Nc5 18. Bc2 Qf7 19. Rg1 a5 20. O-O-O exd5
21. exd5 Bf5 22. Bxg7+ Kxg7 23. dxc6 Bxc2 24. Qxc2 Qf4+ 25. Kb1 Qf7 26. Rxd6
bxc6 27. Rdxg6+ {Black resigns} 1-0

[Event "ICC 60 30 u"]
[Site "Internet Chess Club"]
[Date "2014.08.18"]
[Round "1"]
[White "Yermo"]
[Black "JRussell2"]
[Result "1-0"]
[ICCResult "Black resigns"]
[WhiteElo "2619"]
[BlackElo "1380"]
[Opening "Bogo-Indian defense"]
[ECO "E11"]
[NIC "QI.01"]
[Time "17:02:32"]
[TimeControl "3600+30"]

1. d4 Nf6 2. c4 e6 3. Nf3 Bb4+ 4. Bd2 Bxd2+ 5. Qxd2 d5 6. g3 c6 7. Bg2 O-O
8. O-O Nbd7 9. Rc1 Re8 10. b4 e5 11. dxe5 Nxe5 12. Nxe5 Rxe5 13. b5 cxb5 14.
cxd5 Nxd5 15. Nc3 Be6 16. Rd1 Kf8 17. Nxd5 Bxd5 18. Bxd5 Qb6 19. e4 Rd8 20.
Rac1 Ke7 21. Qb4+ Ke8 22. Kg2 a5 23. Qb2 f6 24. h4 Re7 25. Qe2 Kf8 26. Qh5
g6 27. Qh6+ Rg7 28. Qf4 Rdd7 29. e5 Rxd5 30. Rxd5 Qe6 31. Qxf6+ {Black
resigns} 1-0

[Event "ICC 60 30 u"]
[Site "Internet Chess Club"]
[Date "2014.08.18"]
[Round "1"]
[White "Yermo"]
[Black "MisticKnights5O"]
[Result "1-0"]
[ICCResult "Black resigns"]
[WhiteElo "2619"]
[BlackElo "1918"]
[Opening "French: Paulsen variation"]
[ECO "C10"]
[NIC "FR.04"]
[Time "17:02:32"]
[TimeControl "3600+30"]

1. e4 e6 2. d4 d5 3. Nc3 Nc6 4. e5 Nge7 5. Nf3 Nf5 6. Ne2 Be7 7. Ng3 O-O 8.
c3 b6 9. Bd3 Nh4 10. Nxh4 Bxh4 11. O-O a5 12. Re1 f5 13. exf6 Qxf6 14. f4
Bxg3 15. hxg3 Bd7 16. g4 h6 17. Qe2 Rae8 18. Bd2 Ne7 19. g5 hxg5 20. fxg5
Qf7 21. g6 Qf6 22. Qh5 Qf2+ 23. Kh2 Rf6 24. Be3 Qxb2 25. Qh7+ Kf8 26. Bh6
{Black resigns}
1-0

[Event "ICC 60 30 u"]
[Site "Internet Chess Club"]
[Date "2014.08.18"]
[Round "1"]
[White "Yermo"]
[Black "cvsol"]
[Result "0-1"]
[ICCResult "White resigns"]
[WhiteElo "2619"]
[BlackElo "1400"]
[Opening "Benkö gambit half accepted"]
[ECO "A57"]
[NIC "BI.45"]
[Time "17:02:32"]
[TimeControl "3600+30"]

1. d4 Nf6 2. c4 c5 3. d5 b5 4. cxb5 a6 5. b6 Qxb6 6. Nc3 d6 7. e4 g6 8. a4
Bg7 9. a5 Qb4 10. Ra4 Qb7 11. Bc4 Bd7 12. Ra3 Qb4 13. Qd3 Bb5 14. Bxb5+ axb5
15. Qxb5+ Nbd7 16. Ra4 Qxb5 17. Nxb5 O-O 18. Ne2 Nb6 19. Ra3 Nc4 20. Ra4
Nxa5 21. Nec3 Nb3 22. Rxa8 Rxa8 23. Kd1 Nxc1 24. Kxc1 Ra1+ 25. Nb1 Nxe4 26.
Re1 Nxf2 27. Rxe7 Nd3+ 28. Kc2 Nb4+ 29. Kc1 Bh6+ {White resigns} 0-1

[Event "ICC 60 30 u"]
[Site "Internet Chess Club"]
[Date "2014.08.18"]
[Round "1"]
[White "Yermo"]
[Black "Sunny2002"]
[Result "1-0"]
[ICCResult "Black resigns"]
[WhiteElo "2619"]
[BlackElo "1223"]
[Opening "Nimzo-Indian: 4.e3, main line"]
[ECO "E59"]
[NIC "NI.01"]
[Time "17:02:32"]
[TimeControl "3600+30"]

1. d4 Nf6 2. c4 e6 3. Nc3 Bb4 4. e3 O-O 5. Bd3 d5 6. Nf3 c5 7. O-O Nc6 8. a3
Bxc3 9. bxc3 dxc4 10. Bxc4 Qc7 11. Bb5 a6 12. Bd3 b6 13. Bb2 Bb7 14. e4 Rad8
15. Qe2 cxd4 16. cxd4 b5 17. Rad1 Rfe8 18. Rfe1 Na5 19. e5 Nd5 20. Qe4 f5
21. exf6 Nxf6 22. Qh4 Bxf3 23. gxf3 Rd5 24. Re5 Nc4 25. Rxd5 exd5 26. Bc1
Qa5 27. Kg2 Nxa3 28. Bg5 Qc7 29. Ra1 b4 30. Bxa6 Re6 31. Bd3 h6 32. Bd2 Qb7
33. Qf4 Nc4 34. Qf5 Ra6 35. Rxa6 Qxa6 36. Bxb4 Nd6 37. Qe6+ {Black resigns}
1-0

[Event "ICC 60 30 u"]
[Site "Internet Chess Club"]
[Date "2014.08.18"]
[Round "1"]
[White "Yermo"]
[Black "Lithos"]
[Result "0-1"]
[ICCResult "White resigns"]
[WhiteElo "2619"]
[BlackElo "1924"]
[Opening "Réti: King's Indian attack, Yugoslav variation"]
[ECO "A07"]
[NIC "QP.09"]
[Time "17:02:32"]
[TimeControl "3600+30"]

1. Nf3 d5 2. g3 Bg4 3. Bg2 c6 4. O-O Nf6 5. c4 Nbd7 6. cxd5 cxd5 7. Nc3 e6
8. d3 Be7 9. Qb3 O-O 10. Bf4 Bxf3 11. Bxf3 Nc5 12. Qd1 a6 13. Rc1 Rc8 14. a3
b5 15. Re1 d4 16. Ne4 Nfxe4 17. dxe4 g5 18. Bd2 Na4 19. Qb3 Nc5 20. Qa2 Qb6
21. Kg2 a5 22. h4 g4 23. Bxg4 Nxe4 24. Bh6 d3 25. Be3 d2 26. Bxb6 Rxc1 27.
Bxa5 Rxe1 28. Bxd2 Nxd2 29. Bxe6 fxe6 30. Qxe6+ Rf7 31. Qd5 Rxe2 {White
resigns} 0-1

[Event "ICC 60 30 u"]
[Site "Internet Chess Club"]
[Date "2014.08.18"]
[Round "1"]
[White "Yermo"]
[Black "muhit"]
[Result "0-1"]
[ICCResult "White resigns"]
[WhiteElo "2619"]
[BlackElo "1400"]
[Opening "English: symmetrical, main line with d4"]
[ECO "A39"]
[NIC "EO.26"]
[Time "17:02:32"]
[TimeControl "3600+30"]

1. Nf3 Nf6 2. c4 c5 3. Nc3 Nc6 4. g3 g6 5. Bg2 Bg7 6. O-O O-O 7. d4 cxd4 8.
Nxd4 Nxd4 9. Qxd4 d6 10. Qd3 a6 11. Bd2 Rb8 12. Rac1 Be6 13. b3 Qd7 14. Rfd1
Rfc8 15. a4 Bh3 16. Bh1 Qf5 17. Qxf5 Bxf5 18. Be3 b6 19. Bg2 Be6 20. h3 Nd7
21. Nd5 Bxd5 22. Bxd5 a5 23. Rb1 Bc3 24. Kg2 Bb4 25. f4 Bc5 26. Bd2 e6 27.
Bf3 Rd8 28. g4 e5 29. f5 gxf5 30. gxf5 Kg7 31. e3 Rg8 32. Kf2 Kf6 33. Be4
Ke7 34. Rg1 Bb4 35. Rxg8 Rxg8 36. Bc1 Nc5 37. Bc2 e4 38. Bb2 Nd3+ 39. Bxd3
exd3 40. Bd4 h5 41. e4 h4 42. Rd1 Rg3 43. Be3 d2 44. Bxd2 Bxd2 45. Rxd2 Rxh3
46. Rb2 Rh2+ {White resigns} 0-1

[Event "ICC 60 30 u"]
[Site "Internet Chess Club"]
[Date "2014.08.18"]
[Round "1"]
[White "Yermo"]
[Black "Imperianer"]
[Result "0-1"]
[ICCResult "White resigns"]
[WhiteElo "2619"]
[BlackElo "1400"]
[Opening "Réti v Dutch"]
[ECO "A04"]
[NIC "QP.11"]
[Time "17:02:32"]
[TimeControl "3600+30"]

1. Nf3 f5 2. d3 d6 3. e4 e5 4. exf5 Bxf5 5. d4 e4 6. Nfd2 Nf6 7. Nc4 d5 8.
Ne3 Bg6 9. c4 Nc6 10. Nc3 dxc4 11. d5 Ne5 12. Nxc4 Nxc4 13. Bxc4 a6 14. O-O
Bd6 15. Bg5 O-O 16. Qd2 b5 17. Bb3 Qd7 18. Bf4 Kh8 19. Bxd6 Qxd6 20. h3 c5
21. Rad1 c4 22. Bc2 Rae8 23. a3 e3 24. fxe3 Bxc2 25. Qxc2 Rxe3 26. Qf2 Rfe8
27. Rd4 h6 28. Rf4 R3e5 29. Rxf6 Qxf6 30. Qxf6 gxf6 31. Rxf6 Kg7 32. Rxa6
Rb8 33. d6 Kf7 34. d7 Re6 35. Ra7 Ke7 36. Nd5+ Kd8 37. Nb4 Rbb6 38. Kh2 Red6
39. g4 Rxd7 40. Ra8+ Ke7 41. Kg3 Kf7 42. Kh4 Rd2 43. Kh5 Rxb2 44. Nd5 Rc6
45. Ra7+ Ke8 46. h4 Rc5 {White resigns} 0-1

[Event "ICC 60 30 u"]
[Site "Internet Chess Club"]
[Date "2014.08.18"]
[Round "1"]
[White "Yermo"]
[Black "ElTopo"]
[Result "1-0"]
[ICCResult "Black resigns"]
[WhiteElo "2619"]
[BlackElo "1629"]
[Opening "English: Mikenas-Carls variation"]
[ECO "A18"]
[NIC "EO.64"]
[Time "17:02:32"]
[TimeControl "3600+30"]

1. c4 Nf6 2. Nc3 e6 3. e4 Bb4 4. e5 Bxc3 5. dxc3 Ng8 6. Qg4 Kf8 7. Nf3 d6 8.
Bg5 f6 9. exf6 Nxf6 10. Qh4 Nbd7 11. Bd3 Qe8 12. O-O Qh5 13. Qg3 Qg4 14.
Rfe1 Qxg3 15. hxg3 Kf7 16. Nd4 Ne5 17. Bf1 Bd7 18. c5 Rhe8 19. cxd6 cxd6 20.
Rad1 Rad8 21. Bf4 Ng6 22. Bxd6 Ba4 23. b3 Rxd6 24. bxa4 e5 25. Nb5 Rxd1 26.
Rxd1 Kf8 27. Rb1 Ne4 28. Nxa7 Nxc3 29. Rxb7 Ra8 30. a5 Nxa2 31. a6 Nb4 32.
Rxb4 Rxa7 33. Rb8+ {Black resigns} 1-0

[Event "ICC 60 30 u"]
[Site "Internet Chess Club"]
[Date "2014.08.18"]
[Round "1"]
[White "Yermo"]
[Black "confusa"]
[Result "1/2-1/2"]
[ICCResult "Game drawn by mutual agreement"]
[WhiteElo "2619"]
[BlackElo "1400"]
[Opening "QGD: classical variation (5.Bf4)"]
[ECO "D37"]
[NIC "QO.01"]
[Time "17:02:32"]
[TimeControl "3600+30"]

1. Nf3 d5 2. d4 Nf6 3. c4 e6 4. Nc3 Be7 5. Bf4 O-O 6. e3 c5 7. dxc5 Bxc5 8.
cxd5 Nxd5 9. Nxd5 Qxd5 10. Qxd5 exd5 11. Bd3 Nc6 12. Rc1 Bb6 13. O-O Bg4 14.
Ne5 Nxe5 15. Bxe5 Rac8 16. Bd4 Bxd4 17. exd4 Rxc1 18. Rxc1 Rc8 19. Rc5 Kf8
20. f3 Be6 21. Kf2 Ke7 22. Ra5 a6 23. Ke3 Kd6 24. Kd2 h6 25. b4 Rc6 26. Rc5
Rxc5 27. bxc5+ Kc7 28. Kc3 a5 29. Bb5 b6 30. a3 f6 31. h4 g5 32. g3 Bf7 33.
f4 Bg6 34. fxg5 fxg5 35. Ba4 gxh4 36. gxh4 Be4 37. Kd2 bxc5 38. dxc5 d4 39.
Bb5 Bf5 40. Bd3 Bd7 41. Be4 Bb5 42. Bd5 Bc6 43. Bc4 Be4 44. Bb5
{Game drawn by mutual agreement}
1/2-1/2

[Event "ICC 60 30 u"]
[Site "Internet Chess Club"]
[Date "2014.08.18"]
[Round "1"]
[White "Yermo"]
[Black "drstrangemove"]
[Result "1-0"]
[ICCResult "Black resigns"]
[WhiteElo "2619"]
[BlackElo "1904"]
[Opening "English opening"]
[ECO "A05"]
[NIC "EO.52"]
[Time "17:02:32"]
[TimeControl "3600+30"]

1. Nf3 Nf6 2. c4 g6 3. Nc3 d5 4. cxd5 Nxd5 5. Qa4+ Nc6 6. Ne5 Bd7 7. Nxf7
Nxc3 8. Qb3 Nd4 9. Qxc3 Kxf7 10. Qxd4 Bg7 11. Qf4+ Bf6 12. e3 e5 13. Qb4 Bf5
14. d3 e4 15. dxe4 Bg4 16. Be2 Qd7 17. Qc4+ Be6 18. Qc2 Qe7 19. Bd2 b5 20.
O-O g5 21. f4 Rhg8 22. e5 Bh8 23. f5 Bd5 24. e6+ Kf8 25. Bxb5 Rb8 26. a4 a6
27. e4 Bd4+ 28. Kh1 Ba8 29. Qc4 Bc5 30. f6 Qd6 31. e7+ {Black resigns} 1-0

[Event "ICC 60 30 u"]
[Site "Internet Chess Club"]
[Date "2014.08.18"]
[Round "1"]
[White "Yermo"]
[Black "TahoeSam"]
[Result "0-1"]
[ICCResult "White resigns"]
[WhiteElo "2619"]
[BlackElo "1963"]
[Opening "English opening"]
[ECO "A13"]
[NIC "EO.64"]
[Time "17:02:32"]
[TimeControl "3600+30"]

1. c4 e6 2. Nc3 Bb4 3. Qb3 Nc6 4. Nf3 Nf6 5. a3 Bxc3 6. Qxc3 d6 7. g3 e5 8.
Bg2 O-O 9. O-O a5 10. b3 Ne4 11. Qc2 Nc5 12. Bb2 Qf6 13. d3 Bg4 14. Bc3 a4
15. b4 Nb3 16. Rae1 Bxf3 17. exf3 Ncd4 18. Qd1 c6 19. Re4 Rae8 20. Bxd4 Nxd4
21. Qxa4 Ra8 22. Qd1 Rxa3 23. f4 exf4 24. Rxf4 Qe5 25. Re4 Qf6 26. Rf4 Qe5
27. Re1 Rxd3 28. Qxd3 Qxe1+ 29. Bf1 Ne6 30. Re4 Qxb4 31. Qe3 Re8 32. Bh3
Qb1+ 33. Bf1 Kf8 34. h4 Ra8 35. Kg2 Ra1 36. Qe2 g6 37. h5 Ra2 38. Qe3 Qc2
39. hxg6 hxg6 40. Bd3 Qd2 41. Be2 Qxe3 42. Rxe3 Ke7 43. Bg4 f5 44. Be2 Kf6
45. Bf1 Nc5 46. Re8 Ne4 {White resigns} 0-1

[Event "ICC 60 30 u"]
[Site "Internet Chess Club"]
[Date "2014.08.18"]
[Round "1"]
[White "Yermo"]
[Black "Pasqualino"]
[Result "1/2-1/2"]
[ICCResult "Game drawn by mutual agreement"]
[WhiteElo "2619"]
[BlackElo "1862"]
[Opening "English opening: Agincourt variation"]
[ECO "A13"]
[NIC "RE.12"]
[Time "17:02:32"]
[TimeControl "3600+30"]

1. Nf3 d5 2. c4 e6 3. g3 dxc4 4. Qa4+ Nd7 5. Qxc4 a6 6. Bg2 b5 7. Qc2 Bb7 8.
O-O c5 9. a4 Ngf6 10. d3 Be7 11. axb5 axb5 12. Rxa8 Qxa8 13. Na3 Bc6 14. Ne1
Bxg2 15. Nxg2 Qb7 16. Qb3 b4 17. Nc4 O-O 18. Bf4 h6 19. Rc1 Nd5 20. Bd6 Bxd6
21. Nxd6 Qa6 22. Nc4 Ra8 23. Nge3 Qa2 24. Qxa2 Rxa2 25. Kf1 Nxe3+ 26. fxe3
e5 27. Ke1 Kh7 28. Kd2 Kg6 29. Kc2 f6 30. Kb3 Ra6 31. Nd2 f5 32. Kc4 Ra2 33.
Rb1 Kg5 34. h3 Kf6 35. Nb3 Nb6+ 36. Kxc5 Na4+ 37. Kxb4 Nxb2 38. Nc1 Nxd3+
39. exd3 Rg2 40. g4 fxg4 41. hxg4 Rxg4+ 42. Kc5 Rg1 43. Rb6+ Kf5 44. Ne2 Rg2
45. e4+ Kg5 46. Nc3 Rg3 47. Kc4 h5 48. Rb8 h4 49. Rh8 h3 50. d4 exd4 51.
Kxd4 g6 52. Nd5 Ra3 53. e5 Ra4+ 54. Ke3 Ra5 55. Ke4 Ra4+ 56. Kf3 Ra5 57. Ne3
Rxe5 58. Rxh3 Ra5 59. Rg3+ Kf6 60. Rg1 g5 61. Rb1 Ra3 62. Rb6+ Ke5 63. Rb5+
Kf6 64. Rb8 Ke5 65. Re8+ Kf6 66. Rf8+ Kg7 67. Re8 Kf6 68. Rf8+ Kg7 69. Rf5
Kg6 70. Rb5 Kf6 {Game drawn by mutual agreement} 1/2-1/2

[Event "ICC 60 30 u"]
[Site "Internet Chess Club"]
[Date "2014.08.18"]
[Round "1"]
[White "Yermo"]
[Black "Ulrika-thevamp"]
[Result "0-1"]
[ICCResult "White checkmated"]
[WhiteElo "2619"]
[BlackElo "1400"]
[Opening "Budapest: Rubinstein variation"]
[ECO "A52"]
[NIC "QG.01"]
[Time "17:02:32"]
[TimeControl "3600+30"]

1. d4 Nf6 2. c4 e5 3. dxe5 Ng4 4. Bf4 g5 5. Bg3 Bg7 6. h4 Nxe5 7. e3 d6 8.
hxg5 Qxg5 9. Nc3 Na6 10. Rc1 Bf5 11. Nf3 Nxf3+ 12. gxf3 O-O-O 13. a3 Rde8
14. e4 Nc5 15. Be2 Be5 16. Bxe5 Rxe5 17. exf5 Nd3+ 18. Qxd3 Qxc1+ 19. Qd1
Qxb2 20. Ne4 h5 21. f6 Qxa3 22. Kf1 h4 23. Kg2 h3+ 24. Kh2 Rg8 25. Rg1 Ree8
26. Rxg8 Rxg8 27. Qd5 Qc1 28. Ng3 Qe1 29. Qd4 Rxg3 30. Kxg3 Qxe2 31. Qxa7
Qe5+ 32. Kxh3 Qxf6 33. Qa8+ Kd7 34. Qa4+ c6 35. Kg2 Qg5+ 36. Kf1 d5 37. Qb4
Qc1+ 38. Kg2 Qxc4 39. Qxb7+ Ke6 40. Qc8+ Ke5 41. Qe8+ Kf6 42. Qd8+ Kf5 43.
Qd7+ Kg6 44. Qd6+ f6 45. Qg3+ Kf5 46. Qh3+ Ke5 47. Qh5+ Kd4 48. Qh4+ Kc3 49.
Qxf6+ d4 50. f4 Kc2 51. f5 d3 52. Qg6 d2 53. f6+ Kb2 54. f7 d1=Q 55. Qf6+
Kb3 56. f8=Q Qcg4+ 57. Kh2 Qdg1# {White checkmated} 0-1

[Event "ICC 60 30 u"]
[Site "Internet Chess Club"]
[Date "2014.08.18"]
[Round "1"]
[White "Yermo"]
[Black "Mayee"]
[Result "0-1"]
[ICCResult "White resigns"]
[WhiteElo "2619"]
[BlackElo "1275"]
[Opening "Sicilian: accelerated fianchetto, Breyer variation"]
[ECO "B39"]
[NIC "SI.33"]
[Time "17:02:32"]
[TimeControl "3600+30"]

1. e4 c5 2. Nf3 Nc6 3. d4 cxd4 4. Nxd4 g6 5. c4 Bg7 6. Be3 Nf6 7. Nc3 Ng4 8.
Qxg4 Nxd4 9. Qd1 Ne6 10. Rc1 O-O 11. Be2 d6 12. O-O b6 13. f4 Bb7 14. Bf3
Nc5 15. Bd4 e5 16. Be3 Bh6 17. Qd2 exf4 18. Bxf4 Bxf4 19. Qxf4 Nd3 20. Qh6
Nxc1 21. Qxc1 Rc8 22. b3 Re8 23. Qf4 Bc6 24. h4 Rc7 25. h5 Re6 26. Bg4 Re5
27. b4 Qe7 28. Bf3 Bb7 29. Be2 Bxe4 30. Nb5 Rd7 31. Nd4 Qg5 32. Qf2 gxh5 33.
Nf3 Bxf3 34. Bxf3 Kg7 35. Bd5 Qe3 36. a4 Qxf2+ 37. Rxf2 Re1+ 38. Kh2 Ra1 39.
b5 Rxa4 40. Re2 Ra1 41. Re8 Rd1 42. Kg3 Rd4 43. Kf3 Rc7 44. Rd8 Rc5 45. Ke3
Rdxd5 46. cxd5 Rxd5 47. Rd7 Rxb5 48. Rxa7 Kf6 49. Rb7 Rb3+ 50. Ke4 Rb5 51.
Kf4 Ke6 52. Ke4 d5+ 53. Kd4 Rb4+ 54. Ke3 h4 55. Kf3 Rb3+ 56. Kf4 h5 57. Rb8
Rb4+ 58. Ke3 Rb2 59. Kf3 Kf5 60. Rd8 Rb5 61. Rh8 Rb3+ 62. Kf2 Kg4 63. Rg8+
Kf4 64. Rh8 Rb2+ 65. Kf1 Ke3 66. Re8+ Kf4 67. Rd8 Ke4 68. Re8+ Kd4 69. Rf8
Kc3 70. Rxf7 d4 71. Rc7+ Kd2 72. Kf2 Kd1+ 73. Kf3 d3 74. Ra7 d2 75. Kf2 Kc1
{White resigns}
0-1

[Event "ICC 60 30 u"]
[Site "Internet Chess Club"]
[Date "2014.08.18"]
[Round "1"]
[White "Yermo"]
[Black "rock700chess"]
[Result "1-0"]
[ICCResult "Black resigns"]
[WhiteElo "2619"]
[BlackElo "1605"]
[Opening "Nimzo-Indian: Leningrad, main line"]
[ECO "E31"]
[NIC "NI.25"]
[Time "17:02:32"]
[TimeControl "3600+30"]

1. d4 Nf6 2. c4 e6 3. Nc3 Bb4 4. Bg5 h6 5. Bh4 c5 6. d5 d6 7. e3 Bxc3+ 8.
bxc3 e5 9. f3 Nbd7 10. Bd3 Qe7 11. Qb1 g5 12. Bg3 h5 13. h4 g4 14. Ne2 Kd8
15. a4 Kc7 16. a5 Rg8 17. Ra2 Rb8 18. Rb2 Nf8 19. f4 e4 20. Bc2 Ng6 21. O-O
Bf5 22. Nd4 cxd4 23. cxd4 Rgc8 24. Ba4 Kd8 25. a6 b6 26. Bc6 Nd7 27. Rc1 Ke8
28. Be1 Kf8 29. g3 Kg8 30. Bb4 Qf6 31. Qa2 Ne7 32. Bb7 Rd8 33. Qa3 Nf8 34.
Rd2 Bc8 35. Bc6 Nf5 36. Kf2 Ng6 37. Rh1 Nge7 38. Rdd1 Bd7 39. Bb7 Bc8 40.
Bc6 Ng6 41. Rc1 Qe7 42. c5 bxc5 43. dxc5 dxc5 44. Bxc5 Qf6 45. Rc2 Bd7 46.
Bxa7 Rbc8 47. Bb6 Re8 48. Rhc1 Bxc6 49. Rxc6 Rxc6 50. Rxc6 Qe7 51. Qxe7
Ngxe7 52. Rc5 Ra8 53. Ra5 Kf8 54. a7 Nc8 55. Bc5+ Ke8 56. Ra6 Kd7 57. Rf6
Ncd6 58. Kg2 Rh8 59. Kf2 Ke7 60. Rxf5 Ra8 61. Bxd6+ Kxd6 62. Rxf7 Kxd5 63.
f5 Rc8 64. Re7 Rc2+ 65. Ke1 Ra2 66. f6 Kd6 67. Kd1 Ra3 68. Kc2 {Black
resigns} 1-0

[Event "ICC 60 30 u"]
[Site "Internet Chess Club"]
[Date "2014.08.18"]
[Round "1"]
[White "Yermo"]
[Black "Buckeye"]
[Result "1/2-1/2"]
[ICCResult "Game drawn by mutual agreement"]
[WhiteElo "2619"]
[BlackElo "2174"]
[Opening "King's Indian: orthodox variation"]
[ECO "E94"]
[NIC "KI.15"]
[Time "17:02:32"]
[TimeControl "3600+30"]

1. d4 Nf6 2. Nf3 g6 3. c4 Bg7 4. Nc3 O-O 5. e4 d6 6. Be2 e5 7. O-O exd4 8.
Nxd4 Re8 9. f3 c6 10. Kh1 Nbd7 11. Bg5 h6 12. Bh4 Ne5 13. Qc2 c5 14. Ndb5 a6
15. Na3 Be6 16. Rad1 Rb8 17. h3 Qc7 18. f4 Nc6 19. f5 gxf5 20. exf5 Bd7 21.
Qd2 Ne4 22. Nxe4 Rxe4 23. Bg3 Rd4 24. Qc1 Re8 25. Bf3 Ne5 26. Bd5 Bc6 27. f6
Bf8 28. Nc2 Rxd1 29. Qxd1 Qd7 30. Ne3 Bxd5 31. Qxd5 b5 32. b3 Qe6 33. Bxe5
Qxe5 34. Qxe5 Rxe5 35. Nd5 Kh7 36. Rf4 h5 37. g4 Re1+ 38. Kg2 hxg4 39. Rxg4
Ra1 40. Kf3 Rxa2 41. Ne7 Bh6 42. Nf5 Ra1 43. Rh4 Kg6 44. Nxh6 Rf1+ 45. Ke2
Rb1 46. Ng4 Rxb3 47. Rh6+ Kf5 48. cxb5 axb5 49. Rh7 Ke6 50. Rh8 c4 51. Re8+
Kf5 52. Re7 Kg6 53. Re3 Rb2+ 54. Kf3 b4 55. Re4 c3 56. Ne3 c2 57. Nxc2 Rxc2
58. Rxb4 Kxf6 59. h4 d5 60. Kg3 Rc3+ 61. Kg2 Rc4 62. Rb6+ Kf5 63. h5 Rh4 64.
Rd6 Ke5 65. Rh6 d4 66. Rh8 f5 67. h6 d3 68. h7 d2 69. Re8+ Kf4 70. Rd8 Rxh7
71. Rxd2 Kg5 72. Rd3 Kg4 73. Ra3 Rf7 74. Rb3 Rf6 75. Rg3+
{Game drawn by mutual agreement}
1/2-1/2